 Dungeon Crawl Stone Soup version 0.30-a0-1158-gd85ba11b5a (webtiles) character file.

Game seed: 10548221253347044384

742 graymark the Chopper (level 7, -10/66 HPs)
             Began as a Naga Berserker on Apr 25, 2023.
             Was a Believer of Trog.
             Mangled by an ogre
             ... wielding a +0 giant club
              (29 damage)
             ... on level 5 of the Dungeon.
             The game lasted 00:14:29 (4849 turns).

graymark the Chopper (Naga Berserker)               Turns: 4849, Time: 00:14:30

Health: -10/66     AC:  3    Str: 21    XL:     7   Next: 76%
Magic:  7/7        EV: 10    Int: 11    God:    Trog [**....]
Gold:   364        SH:  4    Dex:  9    Spells: 6/6 levels left

rFire   . . .        a - +0 hand axe
rCold   . . .        h - +0 buckler
rNeg    . . .        b - +0 animal skin
rPois   +            (no helmet)
rElec   .            (no cloak)
rCorr   .            (no gloves)
SInv    +            (no barding)
Will    .....        (no amulet)
Stlth   +++          (no ring)
HPRegen 0.31/turn    (no ring)
MPRegen 0.10/turn

%: no passive effects
@: on berserk cooldown, slowed, very slow
A: AC +2, large, see invisible, deformed body, poison resistance, slowness 2,
spit poison 2, naga tail 1, camouflage 1, clever 1, high MP 1
a: Breathe Poison Gas, Renounce Religion, Berserk, Trog's Hand


You were on level 5 of the Dungeon.
You worshipped Trog.
Trog was pleased with you.
You visited 1 branch of the dungeon, and saw 5 of its levels.

You collected 364 gold pieces.

Inventory:

Hand Weapons
 a - a +0 hand axe (weapon)
 y - a +3 dagger of venom
Missiles
 u - 4 boomerangs
 w - 4 javelins (quivered)
 B - 6 poisoned darts
Armour
 b - a +0 animal skin (worn)
 e - a +0 ring mail
 h - a +0 buckler (worn)
 A - the +0 robe of Otyll {rElec rPois Will++ Dex-2}
   (You found it on level 2 of the Dungeon)

   Dex:       It affects your dexterity (-2).
   rElec:     It insulates you from electricity.
   rPois:     It protects you from poison.
   Will:      It greatly increases your willpower.
Wands
 t - a wand of roots (7)
Scrolls
 i - a scroll of immolation {unknown}
 j - a scroll of fog {unknown}
 k - a scroll of vulnerability {unknown}
 m - a scroll of torment {unknown}
 n - a scroll of brand weapon {unknown}
 o - a scroll of teleportation {unknown}
 r - 3 scrolls of magic mapping {unknown}
 z - a scroll of poison {unknown}
Potions
 c - a potion of attraction {unknown}
 d - 3 potions of might
 f - 2 potions of curing
 g - 2 potions of lignification {unknown}
 l - 2 potions of mutation
 p - a potion of resistance
 q - 2 potions of heal wounds {unknown}
 s - 2 potions of brilliance {unknown}
 v - 2 potions of flight {unknown}
 x - a potion of degeneration {unknown}


   Skills:
 + Level 4.7 Fighting
 + Level 4.9 Axes
 - Level 1.5 Armour
 * Level 4.1 Dodging
 + Level 4.5 Stealth
 + Level 2.4 Shields


You had 6 spell levels left.
You didn't know any spells.
Your spell library was empty.

Dungeon Overview and Level Annotations

Branches:
Dungeon (5/15)
 Temple: D:4-7

Altars:
Xom


Innate Abilities, Weirdness & Mutations

Your serpentine skin is tough. (AC +2)
You have supernaturally acute eyesight. (SInv)
Armour fits poorly on your strangely shaped body.
Your system is resistant to poisons. (rPois)
You cover ground very slowly.
You can exhale a cloud of poison.
You have a snake-like lower body.
Your skin changes colour to match your surroundings (Stealth+).
Your mind is acute. (Int +4, Str/Dex -1)
You have an increased reservoir of magic. (+10% MP)


Message History

You are no longer poisoned.
You start resting.
HP restored.
s - 2 metallic green potions (gained 1)
A white imp comes into view.
A white imp is nearby!
An ogre comes into view. It is wielding a +0 giant spiked club.
An ogre comes into view. It is wielding a +0 giant club.
Found 12 gold pieces and a plate armour.
The white imp shouts, "Out, out, thou obnoxious saucy nert!"
The ogre shouts!
You block the white imp's attack.
You hit the white imp.
The white imp is moderately wounded.
The white imp hits you. The white imp freezes you.
The white imp hits you but does no damage.
You closely miss the white imp.
The white imp is moderately wounded.
The white imp closely misses you. The white imp attacks as you move away!
The white imp hits you. The white imp freezes you.
The ogre attacks as you move away!
The ogre hits you with a +0 giant spiked club!!
A red film seems to cover your vision as you go berserk!
You feel yourself moving faster!
You feel mighty! The white imp gestures at you. The puff of frost hits you!
The ogre barely misses you.
You feel a strong urge to attack something.
You are too berserk!
The ogre attacks as you move away! You block the ogre's attack.
The white imp gestures at you. The puff of frost hits you.
* * * LOW HITPOINT WARNING * * *
You feel your anger nearly subside.
Unknown command.
You are no longer berserk.
You are exhausted.
You feel yourself slow down.
The ogre hits you with a +0 giant club!!
You die...

####### ##### #####.....#
#....
#.........###########....
##.#.....@................
........O.....########....
##......5.....# #....
#..#.#O.#....# #####....
#####.........# ##........
.$............# #.........
##............# #.........
#.##.........# #.........
... #.........# #.........


You could see 2 ogres and a white imp.

Vanquished Creatures
  A black bear (D:4)
  An ice beast (D:4)
  An ogre (D:5)
  A phantom (D:4)
  2 scorpions
  2 hounds
  Terence (D:3)
  Jessica (D:2)
  An iguana (D:5)
  6 adders
  An ufetubus (D:3)
  8 worms
  A dart slug (D:1)
  4 orcs (D:4)
  3 ball pythons
  8 endoplasms
  9 goblins
  3 hobgoblins
  4 quokkas
  5 bats
  2 frilled lizards
  5 kobolds
  3 rats
73 creatures vanquished.

Notes
Turn   | Place    | Note
-------+----------+-------------------------------------------
     0 | D:1      | graymark the Naga Berserker began the quest for the Orb.
     0 | D:1      | Reached XP level 1. HP: 21/21 MP: 1/1
   232 | D:1      | Reached XP level 2. HP: 24/28 MP: 2/2
  1006 | D:2      | Reached XP level 3. HP: 17/34 MP: 3/3
  1262 | D:2      | Reached skill level 1 in Stealth
  1604 | D:2      | Reached XP level 4. HP: 40/43 MP: 4/4
  1623 | D:2      | Noticed Jessica
  1635 | D:2      | Killed Jessica
  1708 | D:2      | Identified the +0 robe of Otyll {rElec rPois Will++ Dex-2}
  2411 | D:3      | Reached ** piety under Trog
  2435 | D:3      | Noticed Terence
  2442 | D:3      | Killed Terence
  2443 | D:3      | Reached XP level 5. HP: 39/50 MP: 5/5
  2709 | D:3      | Reached skill level 1 in Shields
  2893 | D:4      | Noticed a phantom
  2902 | D:4      | Gained mutation: You can exhale a cloud of poison. [potion
                  | of mutation]
  2902 | D:4      | Gained mutation: Your skin changes colour to match your
                  | surroundings (Stealth+). [potion of mutation]
  2902 | D:4      | Gained mutation: You have an increased reservoir of magic.
                  | (+10% MP) [potion of mutation]
  2902 | D:4      | Gained mutation: Your mind is acute. (Int +4, Str/Dex -1)
                  | [potion of mutation]
  2916 | D:4      | Killed a phantom
  2917 | D:4      | Reached XP level 6. HP: 57/57 MP: 6/6
  2980 | D:4      | Noticed a black bear
  2996 | D:4      | Killed a black bear
  3549 | D:4      | Found a shimmering altar of Xom.
  3726 | D:4      | Reached XP level 7. HP: 63/66 MP: 7/7
  4057 | D:5      | Entered Level 5 of the Dungeon
  4849 | D:5      | Mangled by an ogre

Illustrated notes

Levels and vault maps discovered:
D:1:      minmay_arrival_shoal_huts, layout_basic
D:2:      layout_rooms, uniq_jessica
D:3:      layout_loops_ring, uniq_terence
D:4:      layout_cave_pools, mainiacjoe_overflow_catwalk, nicolae_wormholes
D:5:      layout_basic, mainiacjoe_overflow_small_starburst,
          mainiacjoe_overflow_paths

Skill      XL: |  1  2  3  4  5  6  7 |
---------------+----------------------+-----
Dodging        | 2 3 4 |  4.1
Stealth        | 1 2 3 4 |  4.5
Axes           | 4 |  4.9
Shields        | 1 2 |  2.4
Fighting       | 4 |  4.7
Armour         | |  1.5

Action                     |  1- 3 |  4- 6 |  7- 9 || total
---------------------------+-------+-------+-------++-------
  Melee: Hand axe          |   111 |   157 |    67 ||   335
  Throw: Javelin           |       |     4 |     1 ||     5
 Invoke: Berserk           |     2 |     5 |     3 ||    10
         Trog's Hand       |       |       |     1 ||     1
    Use: Scroll            |     2 |     2 |       ||     4
         Potion            |       |     1 |       ||     1
   Stab: Sleeping          |     1 |     2 |     2 ||     5
 Armour: Animal skin       |    19 |    46 |     4 ||    69
  Dodge: Dodged            |    65 |   112 |    29 ||   206
  Block: Buckler           |       |    24 |    10 ||    34

Table legend: (Time is in decaauts)
 A = Elapsed time spent in this place.
 B = Non-inter-level travel time spent in this place.
 C = Inter-level travel time spent in this place.
 D = Time resting spent in this place.
 E = Time spent auto-exploring this place.
 F = Levels seen in this place.
 G = Mean time per level.
                   A        B        C        D        E       F      G
               +--------+--------+--------+--------+--------+-----+--------+
         Total |   5960 |   5507 |    453 |   1147 |   3465 |   5 | 1192.0 |
       Dungeon |   5960 |   5507 |    453 |   1147 |   3465 |   5 | 1192.0 |
               +--------+--------+--------+--------+--------+-----+--------+

Top non-repeatable levels by time:
     D:4: 1503 daAuts
     D:1: 1441 daAuts
     D:3: 1191 daAuts
     D:2: 1043 daAuts
     D:5: 780 daAuts
